Workbook

Sheet Presentación
B8: DETALLE EJECUCIÓN CUOTA DE GERENCIA
B10: Período del 01 al 31 de agosto de 2023
B12: Contrato interadministrativo
B13: CO1.PCCNTR.3451677 DE 2022
B16: FONDO EMPRENDER
B17: SENA – Universidad Distrital Francisco José de Caldas
B22: Septiembre 2023

Sheet Detalle ejecución Cuota Gerenci
D2: DETALLE EJECUCIÓN CUOTA DE GERENCIA
D3: INFORME PERIODO DEL 01 AL 31 DE AGOSTO DE 2023
D4: CONTRATO INTERADMINISTRATIVO No. CO1.PCCNTR.3451677 de 2022
A5: Rubro | B5: No. Orden | C5: RUBROS | D5: PRESUPUESTO | E5: COMPROMISO | F5: EJECUTADO ACUMULADO A 31-07-2023 | G5: EJECUTADO MES DE AGOSTO 2023 | H5: EJECUTADO ACUMULADO A LA FECHA | I5: Descripción y justificación del gasto | J5: No. de comprobante / Egreso mes reportado | K5: Duración (Meses) | L5: Fecha inicio dd/mm/aa | M5: Fecha de terminación dd/mm/aa | N5: Anexo Reporte PDF (Folio No.)
B6: 1 | C6: 1. SERVICIOS PERSONALES - ESPECIFICA | D6: =+D7+D39 -> 4096000000 | E6: =+E7+E39 -> 1032737325 | F6: =+F39+F7 -> 505813000 | G6: =G7+G39 -> 88318273 | H6: =H7+H39 -> 594131273
B7: 1.1 | C7: 1.1 GASTOS DE PERSONAL ADICIONAL - ESPECÍFICA | D7: =+D8 -> 1446744000 | E7: =+E8 -> 633222325 | F7: =+F8 -> 296698000 | G7: =+G8 -> 46518273 | H7: =F7+G7 -> 343216273
B8: 1.1.1 | C8: 1.1.1 PERSONAL ADICIONAL | D8: =D9+D12+D15+D18+D29 -> 1446744000 | E8: =+E9+E12+E15+E18+E29 -> 633222325 | F8: =+F9+F12+F15+F18+F29 -> 296698000 | G8: =+G9+G12+G15+G18+G29 -> 46518273 | H8: =+H9+H12+H15+H18+H29 -> 343216273
B9: 1.1.1.1 | C9: Supervisor del proyecto | D9: =D10 -> 201600000 | E9: =E10+E11 -> 98200000 | F9: =F10+F11 -> 59700000 | G9: =G10+G11 -> 0 | H9: =H10+H11 -> 59700000
A10: 2 | B10: 1.1.1.1.1 | C10: Nelson Eduardo Rodriguez Montaña | D10: 201600000 | E10: 43200000 | F10: 43200000 | G10: 0 | H10: =F10+G10 -> 43200000 | K10: 8 | L10: 44652 | M10: 44926 | N10: 1-1.1.1.1.2-Nelson Rodriguez
A11: 2 | B11: 1.1.1.1.2 | C11: Nelson Eduardo Rodriguez Montaña | E11: 55000000 | F11: 16500000 | G11: 0 | H11: =F11+G11 -> 16500000 | K11: 10 | L11: 44988 | M11: 45291 | N11: 1.1.1.1.2-Nelson Rodriguez
B12: 1.1.1.2 | C12: Director academico del proyecto | D12: =D13 -> 201600000 | E12: =E13+E14 -> 98200000 | F12: =F13+F14 -> 48700000 | G12: =G13+G14 -> 16500000 | H12: =H13+H14 -> 65200000
A13: 2 | B13: 1.1.1.2.1 | C13: Henry Montaña Quintero | D13: 201600000 | E13: 43200000 | F13: 43200000 | G13: 0 | H13: =F13+G13 -> 43200000 | K13: 8 | L13: 44652 | M13: 44926 | N13: 1-1.1.1.1.1-Henry Montaña
A14: 2 | B14: 1.1.1.2.2 | C14: Henry Montaña Quintero | E14: 55000000 | F14: 5500000 | G14: 16500000 | H14: =F14+G14 -> 22000000 | I14: ORDEN DE PAGO - HONORARIOS MES ABRIL, MAYO Y JUNIO 2023 | J14: 8735 - 8737 - 8743 | K14: 10 | L14: 44988 | M14: 45291 | N14: 1.1.1.2.2-Henry Montaña
B15: 1.1.1.3 | C15: Director CGE | D15: =D16 -> 201600000 | E15: =E16+E17 -> 84128000 | F15: =F16+F17 -> 58548000 | G15: =G16+G17 -> 5116000 | H15: =H16+H17 -> 63664000
A16: 2 | B16: 1.1.1.3.1 | C16: Pablo Emilio Garzon Carreño | D16: 201600000 | E16: 43200000 | F16: 43200000 | G16: 0 | H16: =F16+G16 -> 43200000 | K16: 8 | L16: 44652 | M16: 44926 | N16: 1-1.1.1.1.3- Pablo Garzon
A17: 2 | B17: 1.1.1.3.2 | C17: Pablo Emilio Garzon Carreño | E17: 40928000 | F17: 15348000 | G17: 5116000 | H17: =F17+G17 -> 20464000 | I17: ORDEN DE PAGO - HONORARIOS MES JUNIO 2023 | J17: 8732 | K17: 8 | L17: 45002 | M17: 45246 | N17: 1.1.1.3.2- Pablo Garzon
B18: 1.1.1.4 | C18: Tecnólogo de apoyo en procesos | D18: =SUM(D19:D28) -> 315000000 | E18: =SUM(E19:E28) -> 120681825 | F18: =SUM(F19:F28) -> 47000000 | G18: =SUM(G19:G28) -> 6927273 | H18: =SUM(H19:H28) -> 53927273
A19: 1 | B19: 1.1.1.4.1 | C19: LAE - Diego Alejandro Perez Guevara | D19: 20000000 | E19: =D19 -> 20000000 | F19: 15000000 | G19: 2500000 | H19: =F19+G19 -> 17500000 | I19: ORDEN DE PAGO - HONORARIOS MES MARZO 2023 | J19: 8634 | K19: 10 | L19: 44776 | M19: 45079 | N19: 1.1.1.4.1- Otrosi_Diego Perez
A20: 1 | B20: 1.1.1.4.2 | C20: LAE - Carlos Andres Pinilla Cubillos | D20: 20000000 | E20: =D20 -> 20000000 | F20: 20000000 | G20: 0 | H20: =F20+G20 -> 20000000 | K20: 10 | L20: 44776 | M20: 45079 | N20: 1.1.1.4.2- Otrosi_Carlos Pinilla
A21: 1 | B21: 1.1.1.4.3 | C21: LAE - Yojan Mayorga Salazar | D21: 8000000 | E21: 8000000 | F21: 2000000 | G21: 0 | H21: =F21+G21 -> 2000000 | K21: 4 | L21: 44852 | M21: 44974 | N21: 1.1.1.4.3- Yojan Mayorga- Acta de liquidacion
A22: 1 | B22: 1.1.1.4.4 | C22: LAE - Jenny Paola Rodríguez Rodríguez | D22: 6000000 | E22: 6000000 | F22: 6000000 | G22: 0 | H22: =F22+G22 -> 6000000 | K22: 3 | L22: 45001 | M22: 45092 | N22: 1.1.1.4.4- Jenny Paola Rodriguez
A23: 1 | B23: 1.1.1.4.5 | C23: LAE - Angie Daniela Caamaño Tovar | D23: 6000000 | E23: 6000000 | F23: 4000000 | G23: 2000000 | H23: =F23+G23 -> 6000000 | I23: ORDEN DE PAGO - HONORARIOS MES JUNIO 2023 | J23: 8621 | K23: 3 | L23: 45008 | M23: 45099 | N23: 1.1.1.4.5- Angie Caamaño
A24: 1 | B24: 1.1.1.4.6 | C24: LAE - Diego Alejandro Perez Guevara | D24: 19418184 | E24: 19418184 | F24: 0 | G24: 0 | H24: =F24+G24 -> 0 | K24: 8 | L24: 45090 | M24: 45334 | N24: 1.1.1.4.6- Diego Perez
A25: 1 | B25: 1.1.1.4.7 | C25: LAE - Carlos Andres Pinilla Cubillos | D25: 19418184 | E25: 19418184 | F25: 0 | G25: 2427273 | H25: =F25+G25 -> 2427273 | I25: ORDEN DE PAGO - HONORARIOS MES JUNIO 2023 | J25: 8623 | K25: 8 | L25: 45090 | M25: 45334 | N25: 1.1.1.4.7- Carlos Pinilla
A26: 1 | B26: 1.1.1.4.8 | C26: LAE - Nubia Marcela Rodríguez Figueroa | D26: 2427273 | E26: 2427273 | F26: 0 | G26: 0 | H26: =F26+G26 -> 0 | K26: 1 | L26: 45107 | M26: 45137 | N26: 1.1.1.4.8- Nubia M Rodriguez- Acta de liquidacion
A27: 1 | B27: 1.1.1.4.9 | C27: LAE - Sara Jineth Quimbayo Orozco | D27: 19418184 | E27: 19418184 | F27: 0 | G27: 0 | H27: =F27+G27 -> 0 | K27: 8 | L27: 45128 | M27: 45371 | N27: 1.1.1.4.9- Sara Quimbayo
A28: 1 | B28: 1.1.1.4.10 | C28: Disponible Tecnólogos de apoyo en procesos | D28: =247000000-58254552-19418184+8000000+16990911 -> 194318175 | E28: 0 | F28: 0 | G28: 0 | H28: =F28+G28 -> 0 | K28: 8
B29: 1.1.1.5 | C29: Profesional de apoyo a procesos | D29: =SUM(D30:D38) -> 526944000 | E29: =SUM(E30:E38) -> 232012500 | F29: =SUM(F30:F38) -> 82750000 | G29: =SUM(G30:G38) -> 17975000 | H29: =SUM(H30:H38) -> 100725000
A30: 1 | B30: 1.1.1.5.1 | C30: Lider LAE - Sergio Yecid Cardozo Trujillo | D30: 28000000 | E30: =D30 -> 28000000 | F30: 28000000 | G30: 3062500 | H30: =F30+G30 -> 31062500 | I30: ORDEN DE PAGO - HONORARIOS MES JULIO 2023 | J30: 8748 | K30: 11 | L30: 44770 | M30: 45104 | N30: 1.1.1.5.1- Otrosi_Sergio Cardozo
A31: 1 | B31: 1.1.1.5.2 | C31: Enlace Territorial - Diana Patricia Giraldo Bedoya | D31: =29400000+14700000 -> 44100000 | E31: =29400000+14700000 -> 44100000 | F31: 29400000 | G31: 3675000 | H31: =F31+G31 -> 33075000 | I31: ORDEN DE PAGO - HONORARIOS MES JULIO 2023 | J31: 8628 | K31: 8 | L31: 44848 | M31: 45212 | N31: 1.1.1.5.2- Otrosi Diana Giraldo
A32: 1 | B32: 1.1.1.5.3 | C32: Apoyo Financiero - Saidy Lorena Villamil González | D32: =18000000+9000000 -> 27000000 | E32: =18000000+9000000 -> 27000000 | F32: 18000000 | G32: 4500000 | H32: =F32+G32 -> 22500000 | I32: ORDEN DE PAGO - HONORARIOS MES JULIO Y AGOSTO 2023 | J32: 8491 - 8991 | K32: 8 | L32: 44852 | M32: 45216 | N32: 1.1.1.5.3- Otrosi Saidy Lorena Villamil
A33: 1 | B33: 1.1.1.5.4 | C33: Enlace Territorial - Yair Eduardo Benítez Carrizosa | D33: =29400000+14700000 -> 44100000 | E33: =29400000+14700000 -> 44100000 | F33: 7350000 | G33: 3675000 | H33: =F33+G33 -> 11025000 | I33: ORDEN DE PAGO - HONORARIOS MES ENERO 2023 | J33: 8753 | K33: 8 | L33: 44855 | M33: 45219 | N33: 1.1.1.5.4- Otrosi Yair Eduardo Benitez
A34: 1 | B34: 1.1.1.5.5 | C34: Enlace Territorial - Pedro Fernando Alejo Becerra | D34: 15312500 | E34: 15312500 | F34: 0 | G34: 3062500 | H34: =F34+G34 -> 3062500 | I34: ORDEN DE PAGO - HONORARIOS MES JUNIO 2023 | J34: 8625 | K34: 5 | L34: 45090 | M34: 45242 | N34: 1.1.1.5.5- Pedro Alejo
A35: 1 | B35: 1.1.1.5.6 | C35: Enlace Territorial - Ana Cristina Salazar Estupiñan | D35: 24500000 | E35: 24500000 | F35: 0 | G35: 0 | H35: =F35+G35 -> 0 | K35: 8 | L35: 45105 | M35: 45349 | N35: 1.1.1.5.6- Ana C Salazar
A36: 1 | B36: 1.1.1.5.7 | C36: Enlace Territorial - Wilmar Raúl Hernández Rivera | D36: 24500000 | E36: 24500000 | F36: 0 | G36: 0 | H36: =F36+G36 -> 0 | K36: 8 | L36: 45105 | M36: 45349 | N36: 1.1.1.5.7- Wilmar Hernandez
A37: 1 | B37: 1.1.1.5.8 | C37: Lider LAE - Sergio Yecid Cardozo Trujillo | D37: 24500000 | E37: 24500000 | F37: 0 | G37: 0 | H37: =F37+G37 -> 0 | K37: 8 | L37: 45114 | M37: 45357 | N37: 1.1.1.5.8- Sergio Cardozo
A38: 1 | B38: 1.1.1.5.5 | C38: Disponible profesionales de apoyo a procesos | D38: =422144000-88812500-38400000 -> 294931500 | E38: 0 | F38: 0 | G38: 0 | H38: =F38+G38 -> 0
B39: 1.2 | C39: 1.2 GASTOS DE PERSONAL MINIMO - ESPECÍFICA | D39: =+D40 -> 2649256000 | E39: =E40 -> 399515000 | F39: =+F40 -> 209115000 | G39: =+G40 -> 41800000 | H39: =F39+G39 -> 250915000
B40: 1.2.1 | C40: Personal Minimo | D40: =+D41+D44+D47+D51+D55+D59+D62+D65+D68+D75 -> 2649256000 | E40: =+E41+E44+E47+E51+E55+E59+E62+E65+E68+E75 -> 399515000 | F40: =+F41+F44+F47+F51+F55+F59+F62+F65+F68+F75 -> 209115000 | G40: =+G41+G44+G47+G51+G55+G59+G62+G65+G68+G75 -> 41800000 | H40: =+H41+H44+H47+H51+H55+H59+H62+H65+H68+H75 -> 250915000
B41: 1.2.1.1 | C41: Coordinador Operativo | D41: =+D42+D43 -> 228492000 | E41: =+E42+E43 -> 13200000 | F41: =+F42+F43 -> 11550000 | G41: =+G42+G43 -> 0 | H41: =F41+G41 -> 11550000
A42: 1 | B42: 1.2.1.1.1 | C42: Francisco Javier Matiz Bulla | D42: 13200000 | E42: 13200000 | F42: 11550000 | G42: 0 | H42: =F42+G42 -> 11550000 | K42: 8 | L42: 44853 | M42: 45095 | N42: 1.2.1.1.1- Francisco Matiz
A43: 1 | B43: 1.2.1.1.2 | C43: Disponible contratacion | D43: 215292000 | E43: 0 | F43: 0 | G43: 0 | H43: =F43+G43 -> 0
B44: 1.2.1.2 | C44: Coordinador Lider Contractual | D44: =+D45+D46 -> 228492000 | E44: =+E45+E46 -> 0 | F44: =+F45+F46 -> 0 | G44: =+G45+G46 -> 0 | H44: =F44+G44 -> 0
A45: 1 | B45: 1.2.1.2.1 | C45: En contratacion | D45: 36300000 | E45: 0 | F45: 0 | G45: 0 | H45: =F45+G45 -> 0
A46: 1 | B46: 1.2.1.2.2 | C46: Disponible contratacion | D46: 192192000 | E46: 0 | F46: 0 | G46: 0 | H46: =F46+G46 -> 0 | K46: 12 | L46: 44802 | M46: 45167
B47: 1.2.1.3 | C47: Cordinador Financiero y administrativo | D47: =SUM(D48:D50) -> 270036000 | E47: =SUM(E48:E50) -> 32565000 | F47: =SUM(F48:F50) -> 18915000 | G47: =SUM(G48:G50) -> 1950000 | H47: =SUM(H48:H50) -> 20865000
A48: 1 | B48: 1.2.1.3.1 | C48: Carmen Yolanda Contreras Moreno | D48: 42900000 | E48: 16965000 | F48: 16965000 | G48: 0 | H48: =F48+G48 -> 16965000 | K48: 8.8 | L48: 44698 | M48: 44967 | N48: 1.2.1.3.1- Otrosi Yolanda Contreras
A49: 1 | B49: 1.2.1.3.2 | C49: Carmen Yolanda Contreras Moreno | E49: 15600000 | F49: 1950000 | G49: 1950000 | H49: =F49+G49 -> 3900000 | I49: ORDEN DE PAGO - HONORARIOS MES ABRIL 2023 | J49: 8492 | K49: 8 | L49: 44989 | M49: 45233 | N49: 1.2.1.3.2- Yolanda Contreras
A50: 1 | B50: 1.2.1.3.3 | C50: Disponible contratacion | D50: 227136000 | E50: 0 | F50: 0 | G50: 0 | H50: =F50+G50 -> 0
B51: 1.2.1.4 | C51: Lider de Procesos de Evaluación | D51: =SUM(D52:D54) -> 251108000 | E51: =SUM(E52:E54) -> 35100000 | F51: =SUM(F52:F54) -> 29250000 | G51: =SUM(G52:G54) -> 1950000 | H51: =SUM(H52:H54) -> 31200000
A52: 2 | B52: 1.2.1.4.1 | C52: Gustavo Adolfo Restrepo Reyes | D52: 19500000 | E52: =11700000+7800000 -> 19500000 | F52: 19500000 | G52: 0 | H52: =F52+G52 -> 19500000 | K52: 10 | L52: 44639 | M52: 44944 | N52: 1.2.2.4.1-Otrosi Gustavo Restrepo
A53: 1 | B53: 1.2.1.4.2 | C53: Gustavo Adolfo Restrepo Reyes | D53: 23400000 | E53: 15600000 | F53: 9750000 | G53: 1950000 | H53: =F53+G53 -> 11700000 | I53: ORDEN DE PAGO - HONORARIOS MES JULIO 2023 | J53: 8741 | K53: 8 | L53: 44952 | M53: 45194 | N53: 1.2.1.4.2- Gustavo Restrepo
A54: 1 | B54: 1.2.1.4.3 | C54: Disponible contratacion | D54: 208208000 | E54: 0 | F54: 0 | G54: 0 | H54: =F54+G54 -> 0
B55: 1.2.1.5 | C55: Líder de proceso de interventoría, Gestión de procesos, riesgos, recursos y conocimiento | D55: =SUM(D56:D58) -> 251108000 | E55: =SUM(E56:E58) -> 39000000 | F55: =SUM(F56:F58) -> 29250000 | G55: =SUM(G56:G58) -> 1950000 | H55: =SUM(H56:H58) -> 31200000
A56: 1 | B56: 1.2.1.5.1 | C56: Jose Luis Gallo Eljaiek | D56: 42900000 | E56: =11700000+7800000 -> 19500000 | F56: 19500000 | G56: 0 | H56: =F56+G56 -> 19500000 | K56: 10 | L56: 44639 | M56: 44944 | N56: 1.2.2.5.1-Otrosi Jose Luis Gallo
A57: 1 | B57: 1.2.1.5.2 | C57: Jose Luis Gallo Eljaiek | E57: 19500000 | F57: 9750000 | G57: 1950000 | H57: =F57+G57 -> 11700000 | I57: ORDEN DE PAGO - HONORARIOS MES JULIO 2023 | J57: 8631 | K57: 10 | L57: 44950 | M57: 45253 | N57: 1.2.1.5.2- Jose Gallo
A58: 1 | B58: 1.2.1.5.3 | C58: Disponible contratacion | D58: 208208000 | E58: 0 | F58: 0 | G58: 0 | H58: =F58+G58 -> 0
B59: 1.2.1.6 | C59: Líder de proceso de cartera y liquidación | D59: =+D60+D61 -> 270036000 | E59: =+E60+E61 -> 26000000 | F59: =+F60+F61 -> 13000000 | G59: =+G60+G61 -> 6500000 | H59: =F59+G59 -> 19500000
A60: 1 | B60: 1.2.1.6.1 | C60: Libia Patricia Guevara Velandia | D60: 42900000 | E60: 26000000 | F60: 13000000 | G60: 6500000 | H60: =F60+G60 -> 19500000 | I60: ORDEN DE PAGO - HONORARIOS MES JULIO 2023 | J60: 9005 | K60: 12 | L60: 44802 | M60: 45166 | N60: 1.2.1.6.1- Otrosi Libia Guevara
A61: 1 | B61: 1.2.1.6.2 | C61: Disponible contratacion | D61: 227136000 | E61: 0 | F61: 0 | G61: 0 | H61: =F61+G61 -> 0
B62: 1.2.1.7 | C62: Líder de soporte fiduciario- proceso de aplicación, seguimiento y reporte de pagos y proceso de fiducia. | D62: =+D63+D64 -> 228492000 | E62: =+E63+E64 -> 13200000 | F62: =+F63+F64 -> 3300000 | G62: =+G63+G64 -> 3300000 | H62: =F62+G62 -> 6600000
A63: 1 | B63: 1.2.1.7.1 | C63: Karina Vega Tolosa | D63: 36300000 | E63: 13200000 | F63: 3300000 | G63: 3300000 | H63: =F63+G63 -> 6600000 | I63: ORDEN DE PAGO - HONORARIOS MES JUNIO Y JULIO 2023 | J63: 8745 - 9003 | K63: 8 | L63: 45007 | M63: 45251 | N63: 1.2.1.7.1- Karina Vega
A64: 1 | B64: 1.2.1.7.2 | C64: Disponible contratacion | D64: 192192000 | E64: 0 | F64: 0 | G64: 0 | H64: =F64+G64 -> 0
B65: 1.2.1.8 | C65: Líder Profesional de proceso de soporte sistemas de información | D65: =+D66+D67 -> 228492000 | E65: =+E66+E67 -> 21450000 | F65: =+F66+F67 -> 14850000 | G65: =+G66+G67 -> 1650000 | H65: =F65+G65 -> 16500000
A66: 1 | B66: 1.2.1.8.1 | C66: Amparo molina Espitia | D66: 36300000 | E66: 21450000 | F66: 14850000 | G66: 1650000 | H66: =F66+G66 -> 16500000 | I66: ORDEN DE PAGO - HONORARIOS MES MAYO -JUNIO 2023 | J66: 8495 | K66: 13 | L66: 44789 | M66: 45184 | N66: 1.2.1.8.1- Otrosi Amparo molina
A67: 1 | B67: 1.2.1.8.2 | C67: Disponible contratacion | D67: 192192000 | E67: 0 | F67: 0 | G67: 0 | H67: =F67+G67 -> 0
B68: 1.2.1.9 | C68: Profesionales de apoyo Administrativo | D68: =SUM(D69:D74) -> 567000000 | E68: =SUM(E69:E74) -> 178000000 | F68: =SUM(F69:F74) -> 51000000 | G68: =SUM(G69:G74) -> 24500000 | H68: =F68+G68 -> 75500000
A69: 1 | B69: 1.2.1.9.1 | C69: Profesional de apoyo 1 - Sandra Milena Pineda Cortes | D69: 189000000 | E69: 91000000 | F69: 19500000 | G69: 13000000 | H69: =F69+G69 -> 32500000 | I69: ORDEN DE PAGO - HONORARIOS MES DICIEMBRE 2022 Y ENERO 2023 | J69: 8730 - 8731 | K69: 14 | L69: 44785 | M69: 45210 | N69: 1.2.1.9.1- Sandra Pineda
A70: 1 | B70: 1.2.1.9.2 | C70: Profesional de apoyo 2 - Nina Shirley Murillo Cruz | D70: 36000000 | E70: 36000000 | F70: 22500000 | G70: 9000000 | H70: =F70+G70 -> 31500000 | I70: ORDEN DE PAGO - HONORARIOS MES ENERO Y FEBRERO 2023 | J70: 8636 - 8637 | K70: 10 | L70: 44785 | M70: 45088 | N70: 1.2.1.9.2- Otrosi Nina Murillo
A71: 1 | B71: 1.2.1.9.3 | C71: Profesional de apoyo 3 - Ariana Tavera Ochoa | D71: 9000000 | E71: 9000000 | F71: 9000000 | G71: 0 | H71: =F71+G71 -> 9000000 | K71: 10 | L71: 44785 | M71: 45088 | N71: 1.2.1.9.3- Otrosi Ariana Tavera
A72: 1 | B72: 1.2.1.9.4 | C72: Profesional de apoyo 2 - Nina Shirley Murillo Cruz | D72: 132000000 | E72: 32000000 | F72: 0 | G72: 0 | H72: =F72+G72 -> 0 | K72: 8 | L72: 45114 | M72: 45357 | N72: 1.2.1.9.4- Nina Murillo
A73: 1 | B73: 1.2.1.9.5 | C73: Profesional de apoyo 3 - Ariana Tavera Ochoa | D73: 10000000 | E73: 10000000 | F73: 0 | G73: 2500000 | H73: =F73+G73 -> 2500000 | I73: ORDEN DE PAGO - HONORARIOS MES JULIO 2023 | J73: 9001 | K73: 4 | L73: 45114 | M73: 45236 | N73: 1.2.1.9.5- Ariana Tavera
A74: 1 | B74: 1.2.1.9.6 | C74: Disponible Profesionales de apoyo | D74: =201000000-10000000 -> 191000000 | E74: 0 | F74: 0 | G74: 0 | H74: =F74+G74 -> 0
B75: 1.2.1.10 | C75: Tecnólogo de apoyo en procesos transversales | D75: =+D76 -> 126000000 | E75: =+E76 -> 41000000 | F75: =+F76 -> 38000000 | G75: =+G76 -> 0 | H75: =F75+G75 -> 38000000
A76: 1 | B76: 1.2.1.10.1 | C76: Alejandra Milena Velez Meneses | D76: 126000000 | E76: 41000000 | F76: 38000000 | G76: 0 | H76: =F76+G76 -> 38000000 | K76: 11 | L76: 44770 | M76: 45104 | N76: 1.2.1.10.1-Alejandra Velez
B77: 2 | C77: 2. ADQUISICION DE SERVICIOS - ESPECIFICA | D77: =+D81+D78 -> 6.5693061e+08 | E77: =+E81 -> 195548348 | F77: =+F81 -> 10000000 | G77: =+G81 -> 10000000 | H77: =F77+G77 -> 20000000
B78: 2.1 | C78: 2.3 ARRENDAMIENTOS - ESPECÍFICA | D78: =+D79 -> 3.2243061e+08 | E78: =+E79 -> 0 | F78: =+F79 -> 0 | G78: =+G79 -> 0 | H78: =F78+G78 -> 0
B79: 2.1.1 | C79: Apoyo Logistico/Alquiler | D79: =+D80 -> 3.2243061e+08 | E79: =E80 -> 0 | F79: =F80 -> 0 | G79: =G80 -> 0 | H79: =F79+G79 -> 0
A80: 3 | B80: 2.1.1.1 | C80: Logística para la operación | D80: 3.2243061e+08 | E80: 0 | F80: 0 | G80: 0 | H80: =F80+G80 -> 0
B81: 2.2 | C81: 2.1 IMPRESOS Y PUBLICACIONES Y DESARROLLO WEB - ESPECÍFICA | D81: =+D82 -> 334500000 | E81: =+E82 -> 195548348 | F81: =F82 -> 10000000 | G81: =G82 -> 10000000 | H81: =F81+G81 -> 20000000
B82: 2.2.1 | C82: Desarrollos Web, mesa de ayuda y prototipado | D82: =SUM(D83:D85) -> 334500000 | E82: =SUM(E83:E85) -> 195548348 | F82: =SUM(F83:F85) -> 10000000 | G82: =SUM(G83:G85) -> 10000000 | H82: =F82+G82 -> 20000000
A83: 3 | B83: 2.1.1.1.3 | C83: Herramienta mesa de ayuda para LAE - ENRUTAPP SAS | D83: 214500000 | E83: 75548348 | F83: 0 | G83: 0 | H83: =F83+G83 -> 0 | K83: 12 | L83: 45015 | M83: 45380 | N83: 2.1.1.1.3- Entutapp sas
A84: 1 | B84: 2.1.1.1.4 | C84: Ingeniero Prototipado - Wilson Ricardo López Sanchez | D84: 84000000 | E84: 84000000 | F84: 7000000 | G84: 7000000 | H84: =F84+G84 -> 14000000 | I84: ORDEN DE PAGO - HONORARIOS MES JULIO 2023 | J84: 8750 | K84: 12 | L84: 45064 | M84: 45429 | N84: 2.1.1.1.4- Wilson Lopez
A85: 1 | B85: 2.1.1.1.5 | C85: Apoyo Prototipado - Paola Porras Styles | D85: 36000000 | E85: 36000000 | F85: 3000000 | G85: 3000000 | H85: =F85+G85 -> 6000000 | I85: ORDEN DE PAGO - HONORARIOS MES JULIO 2023 | J85: 8747 | K85: 12 | L85: 45064 | M85: 45429 | N85: 2.1.1.1.5- Paola Porras
B86: 3 | C86: 3. GASTOS LEGALES | D86: =+D87 -> 30600000 | E86: =+E87 -> 30600000 | F86: =F87 -> 30525295 | G86: =G87 -> 0 | H86: =F86+G86 -> 30525295
B87: 3.1 | C87: Gastos Legales | D87: =+D88 -> 30600000 | E87: =+E88 -> 30600000 | F87: =F88 -> 30525295 | G87: =G88 -> 0 | H87: =F87+G87 -> 30525295
B88: 3.1.1 | C88: Gastos Legales, polizas | D88: =+D89 -> 30600000 | E88: =+E89 -> 30600000 | F88: =+F89 -> 30525295 | G88: =+G89 -> 0 | H88: =F88+G88 -> 30525295
A89: 3 | B89: 3.1.1.1 | C89: Otros Gastos Financieros, Pólizas | D89: 30600000 | E89: 30600000 | F89: 30525295 | G89: 0 | H89: =F89+G89 -> 30525295
B90: 4 | C90: 4. GASTOS FINANCIEROS | D90: =+D91 -> 27100000 | E90: =+E91 -> 0 | F90: =+F91 -> 0 | G90: =+G91 -> 0 | H90: =F90+G90 -> 0
B91: 4.1 | C91: Otros Gastos Financieros | D91: =D92+D93 -> 27100000 | E91: =E92+E93 -> 0 | F91: =F92+F93 -> 0 | G91: =G92+G93 -> 0 | H91: =F91+G91 -> 0
A92: 3 | B92: 4.1.1 | C92: GMF | D92: 22900000 | E92: 0 | F92: 0 | G92: 0 | H92: =F92+G92 -> 0
A93: 4 | B93: 4.1.2 | C93: Otras deducciones e imprevistos | D93: 4200000 | E93: 0 | F93: 0 | G93: 0 | H93: =F93+G93 -> 0
A94: 5 | B94: 5 | C94: 5. BENEFICIO INSTITUCIONAL | D94: 5.9796139e+08 | E94: =D94 -> 5.9796139e+08 | F94: 179388416 | G94: 0 | H94: =F94+G94 -> 179388416 | K94: 35 | L94: 44602 | M94: 45684
C95: Total general - ANEXO 5 | D95: =+D6+D77+D86+D90+D94 -> 5408592000 | E95: =+E6+E77+E86+E90+E94 -> 1.8568471e+09 | F95: =+F6+F77+F86+F90+F94 -> 725726711 | G95: =+G6+G77+G86+G90+G94 -> 98318273 | H95: =+H6+H77+H86+H90+H94 -> 824044984
D97: =5408592000-D95 -> 0
C100: Revisó: YOLANDA CONTRERAS MORENO | J100: ERNESTO SUASTEGUI MOLINA
C101: Coordinadora Administrativa y Financiera | J101: Contador
C102: Contrato CO1.PCCNTR.3451677 de 2022 | J102: TP-195231-T
C103: Universidad Distrital Francisco José de Caldas | J103: Universidad Distrital Francisco José de Caldas
C107: Proyectó: SANDRA MILENA PINEDA CORTES | J107: NELSON EDUARDO RODRIGUEZ MONTAÑA
...

Sheet Resumen CG
B3: RESUMEN EJECUTIVO CUOTA DE GERENCIA
B4: Valor Cuota de Gerencia | C4: ='Detalle ejecución Cuota Gerenci'!D95 -> 5408592000 | D4: 5408592000 | E4: =D4-C4 -> 0
B5: Valor ejecutado acumulado del mes | C5: ='Detalle ejecución Cuota Gerenci'!H95 -> 824044984
B6: Total saldo por ejecutar | C6: =C4-C5 -> 4584547016
B7: SUBRUBROS | C7: PRESUPUESTO | D7: EJECUTADO ACUMULADO | E7: TOTAL POR EJECUTAR | G7: Fecha desembolso | H7: Mes contractual para desembolso | I7: Forma de pago estipulada | J7: Valor establecido | K7: Valor recibido | L7: Valor ejecutado | M7: Saldo por ejecutar | N7: % Ejecución cuota gerencia
B8: Personal Adicional | C8: ='Detalle ejecución Cuota Gerenci'!D8 -> 1446744000 | D8: ='Detalle ejecución Cuota Gerenci'!H8 -> 343216273 | E8: =C8-D8 -> 1103527727 | G8: 44776 | H8: 3 | I8: Primer pago 30% | J8: =C4*30% -> 1622577600 | K8: =J8+J9 -> 3245155200 | L8: =D15 -> 824044984 | M8: =K8-L8 -> 2421110216 | N8: =L8/J12 -> 0.1523585
B9: Personal Mínimo | C9: ='Detalle ejecución Cuota Gerenci'!D40 -> 2649256000 | D9: ='Detalle ejecución Cuota Gerenci'!H40 -> 250915000 | E9: =C9-D9 -> 2398341000 | G9: 45093 | H9: 14 | I9: Segundo pago 30% | J9: =C4*30% -> 1622577600
B10: Otros, Impresos y Publicaciones (mesa de ayuda y prototipado) | C10: ='Detalle ejecución Cuota Gerenci'!D82 -> 334500000 | D10: ='Detalle ejecución Cuota Gerenci'!H82 -> 20000000 | E10: =C10-D10 -> 314500000 | H10: 30 | I10: Tercer pago 35% | J10: =C4*35% -> 1.8930072e+09
B11: Apoyo Logístico/Alquiler | C11: ='Detalle ejecución Cuota Gerenci'!D79 -> 3.2243061e+08 | D11: ='Detalle ejecución Cuota Gerenci'!H79 -> 0 | E11: =C11-D11 -> 3.2243061e+08 | H11: 42 | I11: Cuarto pago 5% | J11: =C4*5% -> 270429600
B12: Gastos Legales, pólizas | C12: ='Detalle ejecución Cuota Gerenci'!D88 -> 30600000 | D12: ='Detalle ejecución Cuota Gerenci'!H88 -> 30525295 | E12: =C12-D12 -> 74705 | I12: Total contrato | J12: =SUM(J8:J11) -> 5408592000
B13: Gastos Financieros | C13: ='Detalle ejecución Cuota Gerenci'!D91 -> 27100000 | D13: ='Detalle ejecución Cuota Gerenci'!H91 -> 0 | E13: =C13-D13 -> 27100000
B14: Beneficio Institucional | C14: ='Detalle ejecución Cuota Gerenci'!D94 -> 5.9796139e+08 | D14: ='Detalle ejecución Cuota Gerenci'!H94 -> 179388416 | E14: =C14-D14 -> 4.1857297e+08
B15: Totales | C15: =SUM(C8:C14) -> 5408592000 | D15: =SUM(D8:D14) -> 824044984 | E15: =SUM(E8:E14) -> 4584547016

Sheet Rubro presupuesto
A2: JULIO DE 2023 CONTRATO INTERADMINISTRATIVO No. CO1.PCCNTR.3451677 de 2022
A3: Etiquetas de fila | B3: Suma de PRESUPUESTO | C3: Suma de COMPROMISO | D3: Suma de EJECUTADO ACUMULADO A LA FECHA
A4: 1 | B4: 3591700000 | C4: 852709325 | D4: 406067273
A5: 2 | B5: 624300000 | C5: 300028000 | D5: 208064000
A6: 3 | B6: 5.9043061e+08 | C6: 106148348 | D6: 30525295
A7: 4 | B7: 4200000 | C7: 0 | D7: 0
A8: 5 | B8: 5.9796139e+08 | C8: 5.9796139e+08 | D8: 179388416
A9: Total general | B9: 5408592000 | C9: 1.8568471e+09 | D9: 824044984
